Map: Avalon Labs

Players

ProToSSeRRR

  • Race: Protoss Protoss

Jehuty

  • Race: Terran Terran

unleashed

  • Race: Terran Terran

Redrum - Winner!

  • Race: Protoss Protoss

JAB - Winner!

  • Race: Terran Terran

Grumm - Winner!

  • Race: Terran Terran
  • League: Gold

VOD

Have the link to the VOD?

Description

Time

  • Played on: Feb. 16, 2016, 1:55 a.m.
  • Length: 9:02
Show
View Real Time Build Order
Export as new Build Order

ProToSSeRRR Protoss 

Build Orders: Nexus First 

Get SALT Encoding   

  12  0:03  Probe (Chrono Boost)  
  13  0:13  Probe (Chrono Boost)  
  14  0:24  Probe (Chrono Boost)  
  15  0:48  Nexus  
  15  0:59  Pylon  
  15  1:05  Assimilator  
  15  1:18  Probe (Chrono Boost)  
  16  1:22  Gateway  
  16  1:27  Forge  
  7  1:56  Pylon  
  7  2:06  Photon Cannon  
  7  2:41  Photon Cannon  
  7  2:57  Pylon  
  8  3:05  Probe (Chrono Boost)  
  8  3:35  Photon Cannon  
  8  3:39  Probe (Chrono Boost)  
  9  3:50  Zealot  
  11  4:04  Probe  
  12  4:16  Probe  
  13  4:19  Assimilator  
  13  4:32  Probe  
  14  4:39  Assimilator  
  14  4:44  Probe  
  15  4:56  Probe  
  14  5:26  Nexus  
  14  5:42  Cybernetics Core  
  14  5:51  Probe  
  15  6:03  Probe  
  16  6:21  Mothership Core (Chrono Boost)  
  18  6:33  Pylon  
  18  6:37  Pylon  
  18  6:49  Photon Cannon  
  18  6:52  Pylon  
  18  6:55  Probe (Chrono Boost)  
  18  7:00  Photon Cannon  
  19  7:06  Probe (Chrono Boost)  
  20  7:25  Robotics Facility  
  20  7:31  Probe (Chrono Boost)  
  21  7:39  Probe (Chrono Boost)  
  21  7:42  Probe (Chrono Boost)  
  23  7:49  Probe (Chrono Boost)  
  24  7:52  Probe (Chrono Boost)  
  25  8:03  Probe (Chrono Boost)  
  26  8:13  Probe (Chrono Boost)  
  27  8:24  Probe, Immortal (Chrono Boost)  
  30  8:34  Pylon  
  30  8:36  Mothership Core, Probe  
  33  8:48  Probe  
Show
View Real Time Build Order
Export as new Build Order

Jehuty Terran 

Build Orders:  

Get SALT Encoding   

  12  0:01  SCV  
  13  0:13  SCV  
  14  0:19  Supply Depot  
  14  0:25  SCV  
  15  0:29  Refinery  
  15  0:41  SCV  
  16  0:49  Barracks  
  16  0:53  SCV  
  17  0:57  Refinery  
  17  1:05  SCV  
  17  1:10  Supply Depot  
  18  1:17  SCV  
  19  1:29  SCV  
  20  1:38  Factory  
  20  1:42  SCV  
  21  2:04  SCV  
  22  2:09  Supply Depot  
  22  2:14  Marine  
  23  2:16  SCV  
  23  2:20  Supply Depot  
  23  2:21  Factory Tech Lab  
  24  2:31  Marine  
  25  2:40  Siege Tank  
  28  2:49  Marine  
  29  2:58  Starport  
  29  3:07  Marine  
  29  3:12  Siege Tank  
  33  3:36  Starport Reactor  
  33  3:38  Engineering Bay, SCV  
  34  3:44  Siege Tank  
  37  3:53  Marine  
  38  3:57  Orbital Command  
  38  4:11  Marine  
  38  4:13  Viking  
  38  4:14  Viking  
  43  4:17  Missile Turret  
  43  4:21  Missile Turret  
  43  4:29  Marine  
  44  4:54  Viking  
  44  4:56  Supply Depot  
  46  5:00  Barracks Tech Lab  
  46  5:01  Supply Depot  
  46  5:06  Barracks  
  46  5:17  Viking  
  47  5:42  Viking  
  49  5:47  Viking  
  51  6:12  Viking  
  51  6:23  SCV  
  51  6:24  Barracks Tech Lab  
  52  6:35  SCV  
  53  6:48  Medivac x2  
  53  6:53  Supply Depot  
  57  6:56  Supply Depot  
  57  7:28  Barracks  
  57  7:29  Missile Turret  
  57  7:43  Missile Turret  
  57  7:45  Missile Turret  
  57  7:46  Missile Turret  
  57  7:50  Missile Turret, Marine x2  
  59  7:58  Missile Turret  
  59  8:07  Marine  
  59  8:08  Marine  
  49  8:23  Siege Tank  
  49  8:25  Marine x2  
  37  8:43  Marine x2  
Show
View Real Time Build Order
Export as new Build Order

unleashed Terran 

Build Orders:  

Get SALT Encoding   

  12  0:01  SCV  
  13  0:13  SCV  
  14  0:25  SCV  
  15  0:29  Supply Depot  
  15  0:47  Refinery  
  15  0:51  SCV  
  15  0:53  Barracks  
  16  1:03  SCV  
  17  1:20  SCV  
  18  1:43  Marine  
  19  1:47  Command Center  
  19  1:48  Orbital Command  
  19  2:01  Marine  
  20  2:22  Marine  
  20  2:33  SCV  
  20  2:34  Factory  
  21  2:39  Marine  
  22  2:45  SCV  
  23  2:58  SCV  
  23  3:04  Supply Depot  
  24  3:09  Command Center  
  24  3:17  Orbital Command  
  24  3:23  Factory Tech Lab  
  24  3:37  Barracks Tech Lab  
  24  3:47  SCV x2  
  24  3:48  Supply Depot  
  26  3:51  Widow Mine  
  28  4:03  Refinery  
  28  4:05  SCV  
  29  4:17  Engineering Bay  
  29  4:18  Engineering Bay  
  29  4:19  Widow Mine  
  31  4:32  Orbital Command  
  31  4:36  SCV  
  32  4:46  Supply Depot  
  32  5:01  Terran Infantry Armor Level 1, SCV x2  
  32  5:02  SCV  
  21  5:23  Widow Mine  
  20  5:32  SCV x2  
  22  5:44  SCV x2  
  24  5:58  SCV x2  
  26  6:10  Orbital Command, SCV x2  
  28  6:15  Orbital Command, Barracks x2  
  28  6:16  Barracks  
  28  6:17  Barracks  
  28  6:20  Barracks  
  28  6:27  Barracks  
  28  6:31  Barracks  
  28  6:37  Barracks  
  27  6:41  Starport  
  20  7:13  SCV x3  
  23  7:18  Engineering Bay  
  23  7:25  SCV x3  
  23  7:27  Barracks Tech Lab x3  
  23  7:28  Barracks Tech Lab x5  
  23  7:29  Starport Reactor  
  26  7:30  Supply Depot x2  
  26  7:40  Refinery  
  26  7:41  Refinery  
  26  7:46  SCV x3  
  29  7:58  SCV x3  
  28  8:10  SCV x3  
  31  8:13  Marauder x2  
  31  8:14  Marauder, Marine x3  
  31  8:15  Marine x3  
  43  8:22  SCV x3  
  46  8:32  Marine x3  
  46  8:33  Marine x3  
  51  8:34  Marauder x2  
  51  8:36  Marauder  
Show
View Real Time Build Order
Export as new Build Order

Redrum Protoss - Winner!

Build Orders: Cannon Rush 

Get SALT Encoding   

  12  0:03  Probe (Chrono Boost)  
  14  0:14  Probe (Chrono Boost)  
  14  0:18  Pylon  
  14  0:25  Probe (Chrono Boost)  
  15  0:39  Forge  
  15  0:42  Probe (Chrono Boost)  
  16  0:52  Pylon  
  16  0:54  Probe (Chrono Boost)  
  17  1:12  Photon Cannon  
  17  1:14  Photon Cannon  
  17  1:29  Pylon  
  17  1:37  Probe (Chrono Boost)  
  17  1:51  Pylon  
  17  1:54  Photon Cannon  
  17  1:55  Photon Cannon  
  17  2:06  Photon Cannon  
  17  2:29  Photon Cannon  
  17  2:34  Gateway  
  17  2:43  Gateway  
  17  2:47  Assimilator  
  17  2:52  Probe (Chrono Boost)  
  17  2:56  Pylon  
  18  3:17  Assimilator  
  18  3:22  Photon Cannon  
  18  3:24  Cybernetics Core  
  18  3:42  Probe (Chrono Boost)  
  19  3:56  Gateway  
  19  3:57  Probe (Chrono Boost)  
  19  4:00  Warp Gate  
  20  4:05  Twilight Council  
  20  4:09  Gateway  
  20  4:12  Gateway  
  19  4:25  Probe (Chrono Boost)  
  20  4:41  Nexus  
  20  4:44  Probe (Chrono Boost)  
  21  4:55  Probe (Chrono Boost)  
  22  5:05  Probe (Chrono Boost)  
  23  5:10  Pylon  
  23  5:22  Stalker  
  23  5:23  Stalker  
  23  5:28  Stalker  
  29  5:38  Stalker  
  29  5:41  Probe (Chrono Boost)  
  32  5:54  Probe (Chrono Boost)  
  33  6:01  Blink (Chrono Boost)  
  33  6:17  Photon Cannon  
  33  6:18  Probe (Chrono Boost)  
  33  6:24  Probe (Chrono Boost)  
  35  6:29  Probe (Chrono Boost), Protoss Ground Weapons Level 1  
  36  6:34  Probe (Chrono Boost)  
  37  6:42  Stalker  
  37  6:46  Probe (Chrono Boost)  
  37  6:47  Pylon, Probe (Chrono Boost)  
  41  6:58  Stalker x2  
  45  7:02  Probe x2 (Chrono Boost)  
  47  7:09  Stalker  
  49  7:19  Probe  
  49  7:20  Probe  
  51  7:30  Probe  
  51  7:33  Stalker x2  
  51  7:35  Stalker  
  58  7:40  Probe  
  58  7:43  Pylon  
  58  7:44  Assimilator  
  59  7:48  Assimilator  
  59  7:51  Probe  
  48  8:25  Stalker x3  
  48  8:26  Stalker  
  54  8:40  Gateway, Probe x2  
  55  8:41  Gateway  
  55  8:43  Gateway  
  55  8:45  Gateway  
  54  8:50  Probe  
Show
View Real Time Build Order
Export as new Build Order

JAB Terran - Winner!

Build Orders:  

Get SALT Encoding   

  12  0:01  SCV  
  13  0:14  SCV  
  14  0:17  Refinery  
  14  0:26  SCV  
  15  0:35  Supply Depot  
  15  0:57  SCV  
  15  0:59  Barracks  
  16  1:06  Refinery  
  16  1:09  SCV  
  17  1:21  SCV  
  17  1:24  Supply Depot  
  18  1:47  SCV  
  18  1:54  Factory  
  19  1:57  Barracks Reactor  
  19  2:09  Orbital Command  
  19  2:38  Starport, Factory Tech Lab  
  19  2:39  SCV  
  20  2:45  Marine x2  
  22  2:51  SCV  
  23  3:03  Marine x2, SCV  
  26  3:08  Siege Tank  
  29  3:15  Medivac  
  31  3:21  Supply Depot  
  31  3:26  Supply Depot  
  31  3:43  Marine x2, SCV, Siege Tank  
  31  3:45  Medivac  
  39  3:55  SCV  
  40  4:00  Marine x2  
  42  4:07  SCV  
  43  4:15  Siege Tank  
  46  4:17  Supply Depot  
  46  4:19  SCV  
  47  4:38  Marine x2, SCV  
  50  4:47  Siege Tank  
  50  4:50  Command Center  
  53  4:57  SCV  
  54  5:09  SCV  
  50  5:29  Marine x2, Siege Tank  
  50  5:34  SCV  
  55  5:42  Starport Reactor  
  55  5:46  Supply Depot  
  55  5:55  Marine, SCV  
  55  5:58  Marine  
  54  6:07  SCV  
  54  6:12  Marine  
  54  6:13  Siege Tank  
  54  6:15  Marine  
  54  6:18  Medivac x2  
  56  6:19  SCV  
  56  6:23  Orbital Command  
  57  6:30  Marine  
  57  6:31  SCV  
  59  6:33  Marine  
  60  6:43  SCV  
  60  6:45  Siege Tank  
  64  6:48  Marine  
  64  6:49  Medivac x2  
  64  6:51  Marine  
  70  6:55  Supply Depot, SCV  
  71  7:06  Marine  
  72  7:09  Marine  
  73  7:23  Siege Tank  
  73  7:24  Marine  
  73  7:26  Medivac  
  73  7:27  Marine, SCV x2  
  82  7:34  Supply Depot  
  82  7:39  SCV x2  
  82  7:40  Refinery  
  82  7:41  Marine  
  85  7:44  Marine  
  85  7:47  Refinery  
  86  7:59  Marine  
  74  8:16  Marine  
  74  8:17  Marine  
  74  8:18  Siege Tank  
  74  8:19  Medivac  
  71  8:20  Medivac  
  79  8:34  Marine  
  79  8:35  Marine  
Show
View Real Time Build Order
Export as new Build Order

Grumm Terran - Winner!

Build Orders:  

Get SALT Encoding   

  12  0:15  Supply Depot, SCV  
  13  0:52  Command Center  
  13  0:53  SCV  
  14  1:02  Refinery  
  14  1:06  SCV  
  15  1:20  Barracks  
  15  1:22  SCV  
  16  1:35  SCV  
  16  1:36  Refinery  
  17  1:48  SCV  
  18  2:00  SCV  
  19  2:04  Refinery  
  19  2:09  Refinery  
  19  2:10  SCV  
  19  2:14  SCV  
  21  2:28  Factory, SCV  
  22  2:32  SCV  
  23  2:40  SCV  
  24  2:46  SCV  
  25  2:53  SCV  
  26  3:04  Orbital Command  
  26  3:10  Orbital Command  
  26  3:21  Widow Mine  
  28  3:40  Starport  
  28  3:43  Starport  
  28  3:48  Starport  
  28  3:54  Engineering Bay  
  28  4:06  Factory Tech Lab  
  28  4:07  Barracks Tech Lab  
  28  4:10  SCV x2  
  30  4:22  Starport Tech Lab, SCV x2  
  32  4:25  Supply Depot  
  32  4:34  SCV x2  
  34  4:40  Fusion Core  
  34  4:45  Supply Depot  
  34  4:50  SCV x2  
  34  4:51  Missile Turret  
  36  5:02  SCV  
  37  5:09  Cloaking Field  
  37  5:12  Banshee x2  
  37  5:14  Banshee  
  43  5:19  SCV x2  
  48  5:30  Supply Depot  
  48  5:31  SCV x2  
  48  5:33  Armory  
  50  5:36  Behemoth Reactor  
  50  5:43  SCV x2  
  52  5:55  SCV x2  
  54  6:09  Battlecruiser  
  60  6:16  Supply Depot x2  
  60  6:22  Supply Depot  
  60  6:38  Battlecruiser  
  60  6:39  Supply Depot  
  66  6:40  Supply Depot  
  63  7:03  Supply Depot  
  63  7:08  Battlecruiser  
  63  7:16  Armory  
  63  7:20  Starport  
  63  7:22  Viking  
  63  7:28  Weapon Refit  
  65  7:31  Starport  
  65  7:38  Command Center  
  65  7:42  Viking  
  67  7:44  Command Center  
  67  7:52  Viking  
  69  8:00  Starport Reactor  
  69  8:12  Starport Reactor  
  69  8:21  Supply Depot  
  69  8:44  Supply Depot  
Tags
 
Add a new tag
Caveats
  • Supply blocks, unpowered buildings, or Contaminate may cause inaccurate times.
  • Supply counts are checked every 10 seconds.